cohdb
Replays
Latest Replays
All Replays
Popular Replays
Top Player Replays
Match Explorer
How It Works
Community
CoH3 Stats
Reddit
Sign in to upload your games and track your stats! →
Sign in with Steam
Match 44239468
Unlisted
Match 44239468
Overview
Messages
Build Orders
End
Kradschützen Motorcycle Team
Panzergrenadier Squad
250 Light Carrier
Selects Armored Support Battlegroup
Panzergrenadier Squad
Construct Light Support Kompanie
Selects Superior Fire Drills
Combat Half-tracks
Panzerjäger Mechanized Group
Fire Support Elements
2.5-tonne Medical Truck
Veteran Squad Leaders
Construct Panzerarmee Kommand
Panzergrenadier Squad
Selects Salvage Kits
Selects Panzer Storm
Panzer III L Medium Tank
Vehicle Survival Package
Emergency Repair Kits
Tungsten Core Ammunition
Panzer III L Medium Tank
Rapid Advance
Panzer III L Medium Tank
Selects Flammpanzer III Medium Tank
Selects Battlefield Salvage
Panzer III L Medium Tank
Panzer Storm
Panzer III L Medium Tank
Panzer III L Medium Tank
Panzer Storm
RintFosk
[OldMetal]Pepe
Cmdte. Canela
JimBob
Gwangju's Hero Chun Doo-gwang
freedman1984
joker
L1mbo
0
0
Comments
sign in to comment!
No comments posted yet!